 Dungeon Crawl Stone Soup version 0.29.1-12-g30fa7ad0bf (webtiles) character file.

Game seed: 1334218210759187950

310 styxcanada the Covert (level 6, -2/30 HPs)
             Began as a Spriggan Brigand on Jan 11, 2023.
             Slain by a steam dragon (9 damage)
             ... on level 6 of the Dungeon on Jan 12, 2023.
             The game lasted 00:14:20 (4265 turns).

styxcanada the Covert (Spriggan Brigand)            Turns: 4265, Time: 00:14:21

Health: -2/30      AC:  4    Str:  7    XL:     6   Next: 17%
Magic:  7/7        EV: 18    Int: 13    God:
Gold:   1369       SH:  0    Dex: 18    Spells: 5/5 levels left

rFire   + . .      SeeInvis +   a - +2 dagger
rCold   . . .      Faith    .   (no shield)
rNeg    . . .      Spirit   .   b - +0 robe
rPois   .          Reflect  .   k - +2 hat
rElec   .          Harm     .   i - scarf {shadows}
rCorr   +          Rampage  .   (gloves unavailable)
Will    +....                   (boots unavailable)
Stlth   ++++......              (no amulet)
HPRegen 0.10/turn               p - ring of resist corrosion
MPRegen 0.10/turn               h - ring of protection from fire

@: very quick
A: very small, no large weapons, unfitting armour, see invisible, speed 3
a: no special abilities


You were on level 6 of the Dungeon.
You visited 1 branch of the dungeon, and saw 5 of its levels.

You collected 1369 gold pieces.

Inventory:

Hand Weapons
 a - a +2 dagger (weapon)
 d - a +2 flail of holy wrath
Missiles
 e - 3 curare-tipped darts
 n - a throwing net
 s - 3 poisoned darts (quivered)
Armour
 b - a +0 robe (worn)
 c - a +0 cloak
 i - a scarf of shadows (worn)
 k - a +2 hat (worn)
Jewellery
 h - a ring of protection from fire (right hand)
 p - a ring of resist corrosion (left hand)
Scrolls
 l - 4 scrolls of identify
 o - a scroll of immolation {unknown}
 r - a scroll of teleportation
Potions
 f - 2 potions of flight
 g - 2 potions of invisibility
 j - 3 potions of curing
 m - a potion of ambrosia {unknown}
 q - a potion of mutation


   Skills:
 * Level 2.2 Fighting
 + Level 3.0 Short Blades
 + Level 2.5 Throwing
 * Level 3.3 Dodging
 * Level 9.4 Stealth


You had 5 spell levels left.
You didn't know any spells.
Your spell library was empty.

Dungeon Overview and Level Annotations

Branches:
Dungeon (4/15)
 Temple: D:4-7

Altars:
Ru
Sif Muna


Innate Abilities, Weirdness & Mutations

You are very small and have problems with some larger weapons.
You are too small for most types of armour.
You have supernaturally acute eyesight. (SInv)
You cover ground extremely quickly. (Speed+++)


Message History

There is an open door here.
You open the door.
There is an open door here.
There is an open door here.
You open the door.
There is an open door here.
There is an open door here.
A steam dragon comes into view.
The steam dragon hisses angrily.
The steam dragon breathes steam at you. The ball of steam hits you. You resist.
You see here 14 gold pieces.
The steam dragon misses you. The steam dragon barely misses you.
You hit the steam dragon but do no damage.
The steam dragon closely misses you.
The steam dragon claws you but does no damage.
Throw: 6 darts (poison)
Press: ? - help, Q - select action, (/) - cycle Shift-Dir - straight line, f - steam dragon
Aim: a steam dragon (63% to hit)
You throw a poisoned dart.
The poisoned dart hits the steam dragon!
The steam dragon is poisoned.
The steam dragon bites you. The steam dragon barely misses you.
Throw: 5 darts (poison)
Press: ? - help, Q - select action, (/) - cycle Shift-Dir - straight line, f/p - steam dragon
Aim: a steam dragon (very poisoned, 63% to hit)
You throw a poisoned dart.
The poisoned dart barely misses the steam dragon.
The steam dragon bites you! The steam dragon claws you.
Throw: 4 darts (poison)
Press: ? - help, Q - select action, (/) - cycle Shift-Dir - straight line, f/p - steam dragon
Aim: a steam dragon (very poisoned, 63% to hit)
You throw a poisoned dart.
The poisoned dart closely misses the steam dragon.
The steam dragon barely misses you. The steam dragon claws you.
The steam dragon breathes steam at you. The ball of steam hits you. You resist.
* * * LOW HITPOINT WARNING * * *
The steam dragon bites you!
You die...

.......# ..
......# ...
...... ....
#...####+##
....##...##....##
.....§§§........#
..§..§.§@.......#
..§§§§§D.$......+
..####.####.##..#
#########..##
#....#...+
#....#...#
#....#...#
#....#...#
#....#...#


You could see a steam dragon (very poisoned, catching breath).

Vanquished Creatures
  Edmund (D:4)
  A hound (D:3)
  9 adders
  6 dart slugs
  4 orcs (D:3)
  9 endoplasms
  2 giant cockroaches
  2 goblins (D:2)
  5 hobgoblins
  4 jackals (D:1)
  6 kobolds
  2 quokkas
  9 ball pythons
  6 bats
  A frilled lizard (D:2)
  7 rats
74 creatures vanquished.

Notes
Turn   | Place    | Note
-------+----------+-------------------------------------------
     0 | D:1      | styxcanada the Spriggan Brigand began the quest for the
                  | Orb.
     0 | D:1      | Reached XP level 1. HP: 10/10 MP: 2/2
    21 | D:1      | Reached skill level 6 in Stealth
   130 | D:1      | Reached XP level 2. HP: 14/14 MP: 3/3
   256 | D:1      | Found a faded altar of an unknown god.
   304 | D:1      | Reached skill level 7 in Stealth
   749 | D:1      | Reached XP level 3. HP: 12/18 MP: 4/4
  1639 | D:2      | Reached skill level 8 in Stealth
  1639 | D:2      | Reached XP level 4. HP: 6/23 MP: 5/5
  2738 | D:3      | Found a sacrificial altar of Ru.
  2775 | D:3      | Reached XP level 5. HP: 26/26 MP: 6/6
  2797 | D:3      | Found a shimmering blue altar of Sif Muna.
  3543 | D:3      | Identified a scroll of acquirement
  3543 | D:3      | Acquired 1137 gold pieces
  3687 | D:4      | Noticed Edmund
  3744 | D:4      | Killed Edmund
  3745 | D:4      | Reached skill level 9 in Stealth
  3745 | D:4      | Reached XP level 6. HP: 7/30 MP: 7/7
  4170 | D:4      | You fall into a shaft and drop 2 floors!
  4252 | D:6      | Noticed a steam dragon
  4265 | D:6      | Slain by a steam dragon

Illustrated notes

Levels and vault maps discovered:
D:1:      psy_arrival_whirlpool, layout_loops_corners,
          hellmonk_ecumenical_altar_arch_garden
D:2:      cheibrodos_helix_gallery, layout_rooms, minivault_23
D:3:      layout_loops_cross, mainiacjoe_overflow_concentric_impassable,
          mainiacjoe_overflow_six_doors_small
D:4:      layout_loops_ring, kennysheep_path_1, uniq_edmund
D:6:      layout_gridville, lemuel_tele_altar, kiku_gazebo_garden_becter,
          mainiacjoe_overflow_24_doors, serial_bayou, serial_bayou_lagoon_a,
          serial_bayou_pond_e, serial_bayou_pond_e, serial_bayou_shore_a,
          uniq_maggie, uniq_duvessa

Skill      XL: |  1  2  3  4  5 |
---------------+----------------+-----
Stealth        | 6 7 8 9 |  9.4
Dodging        | 2 3 |  3.3
Fighting       | 2 |  2.2
Short Blades   | 3 |  3.0
Throwing       | |  2.5

Action                   |  1- 3 |  4- 6 || total
-------------------------+-------+-------++-------
Melee: Dagger            |    80 |   106 ||   186
       Punch             |     1 |     2 ||     3
Throw: Dart              |    12 |    28 ||    40
       Throwing net      |       |     1 ||     1
  Use: Scroll            |       |    10 ||    10
 Stab: Sleeping          |    16 |    13 ||    29
       Distracted        |     1 |       ||     1
Armor: Robe              |     5 |    13 ||    18
Dodge: Dodged            |    53 |    63 ||   116
